 Seeded DCSS version 0.32-a0-705-g60f233581c (webtiles) character file.

Game seed: 7220356206648857820 (custom seed)

23 Griffin23 the Shield-Bearer (level 2, -5/27 HPs)
             Began as a Minotaur Fighter on Mar 14, 2024.
             Succumbed to a kobold's poison
             ... on level 2 of the Dungeon.
             The game lasted 00:00:30 (527 turns).

Griffin23 the Shield-Bearer (Minotaur Fighter)       Turns: 527, Time: 00:00:31

Health: -5/27      AC:  9    Str: 20    XL:     2   Next: 75%
Magic:  1/1        EV:  6    Int:  5    God:
Gold:   110        SH:  4    Dex:  9    Spells: 1/1 levels left

rFire   . . .        a - +0 long sword
rCold   . . .        c - +0 buckler
rNeg    . . .        l - +0 chain mail
rPois   .            (helmet restricted)
rElec   .            (no cloak)
rCorr   .            (no gloves)
SInv    .            (no boots)
Will    .....        (no amulet) Stlth
                     (no ring)
HPRegen 0.24/turn    (no ring)
MPRegen 0.07/turn

%: no passive effects
@: lethally poisoned (-5 -> -38)
A: horns 2, retaliatory headbutt
a: no special abilities


You were on level 2 of the Dungeon.
You visited 1 branch of the dungeon, and saw 2 of its levels.

You collected 110 gold pieces.

Inventory:

Hand Weapons
 a - a +0 long sword (weapon)
Missiles
 f - a throwing net (quivered)
Armour
 b - a +0 scale mail
 c - a +0 buckler (worn)
 l - a +0 chain mail (worn)
Jewellery
 h - a +4 ring of protection
Scrolls
 g - a scroll of identify {unknown}
 i - a scroll of butterflies {unknown}
 k - a scroll of revelation {unknown}
 m - a scroll of fear {unknown}
Potions
 d - a potion of might
 e - a potion of haste {unknown}
 j - a potion of attraction {unknown}


   Skills:
 + Level 4.0 Fighting
 + Level 2.9 Long Blades
 + Level 4.0 Armour
 + Level 4.0 Shields


You had one spell level left.
You didn't know any spells.
Your spell library was empty.

Dungeon Overview and Level Annotations

Branches:
Dungeon (2/15)

Altars:


Innate Abilities, Weirdness & Mutations

You have a pair of horns on your head.
You reflexively headbutt those who attack you in melee.


Message History

You hit the rat. Your headbutt misses the rat.
The rat is heavily wounded.
The rat bites you but does no damage. You block the rat's attack.
The kobold hits you with a +2 whip of venom.
You are poisoned.
The giant cockroach bites you but does no damage.
There are monsters nearby!
You hit the rat.
You kill the rat!
You feel very sick.
The giant cockroach bites you but does no damage.
You block the kobold's attack.
There are monsters nearby!
You hit the giant cockroach.
The giant cockroach is moderately wounded.
You feel sick.
The giant cockroach bites you but does no damage.
The kobold hits you but does no damage.
You are more poisoned.
The giant cockroach bites you but does no damage.
You slash the giant cockroach!
You kill the giant cockroach!
You feel very sick. The kobold hits you but does no damage.
You are lethally poisoned!
The kobold hits you but does no damage.
You are more poisoned.
Your Armour skill increases to level 4!
You are too injured to fight recklessly!
You are too injured to fight recklessly!
You are too injured to fight recklessly!
Unknown command.
You are too injured to fight recklessly!
You miss the kobold.
* * * LOW HITPOINT WARNING * * *
You feel extremely sick. The kobold hits you but does no damage.
You are more poisoned.
You closely miss the kobold.
You die...

##..####
##.....# #.
.#### ##.###.##
#.. ...?. ...#
#..#
###.###...##
..## ##.#
#...#G#...#G ..#
#.##
#...###...## ..#
#..#
#........... ..#
##.##
#......._.$? ..#
#..#
#...@K...... ..#
##.#
##..###...## ..#
#.# #..#G#...#G
..#
#.####..###...##
..#
#....#..........
#.#
####.#.....#####
#.. #.#.#####
#### #...#
#...>.##


You could see 2 eyes of devastation, 2 glass eyes and a kobold.

Vanquished Creatures
  An adder (D:2)
  A ball python (D:2)
  An endoplasm (D:2)
  3 giant cockroaches
  2 goblins (D:2)
  A hobgoblin (D:2)
  2 bats (D:1)
  A kobold (D:2)
  2 rats
14 creatures vanquished.

Notes
Turn   | Place    | Note
-------+----------+-------------------------------------------
     0 | D:1      | Griffin23 the Minotaur Fighter began the quest for the Orb.
     0 | D:1      | Reached XP level 1. HP: 19/19 MP: 0/0
   418 | D:2      | Reached XP level 2. HP: 23/27 MP: 1/1
   515 | D:2      | Noticed a glass eye
   518 | D:2      | Found a faded altar of an unknown god.
   519 | D:2      | Noticed a glass eye
   519 | D:2      | Noticed an eye of devastation
   519 | D:2      | Noticed an eye of devastation
   527 | D:2      | Succumbed to a kobold's poison

Illustrated notes

Levels and vault maps discovered:
D:1:      giann_bridges, layout_rooms
D:2:      layout_basic, hellmonk_ecumenical_altar_watching_god,
          wander_ebering_terrifying_dragon_lair

Skill      XL: |  1  2 |
---------------+-------+-----
Shields        | 4 |  4.0
Fighting       | 4 |  4.0
Armour         | 4 |  4.0
Long Blades    | |  2.9

Action                     || total
---------------------------++-------
  Melee: Long sword        ||    32
         Headbutt          ||     3
 Armour: Chain mail        ||    24
         Scale mail        ||     6
  Dodge: Dodged            ||    17
  Block: Buckler           ||    12

Table legend: (Time is in decaauts)
 A = Elapsed time spent in this place.
 B = Non-inter-level travel time spent in this place.
 C = Inter-level travel time spent in this place.
 D = Time resting spent in this place.
 E = Time spent auto-exploring this place.
 F = Levels seen in this place.
 G = Mean time per level.
                   A        B        C        D        E       F      G
               +--------+--------+--------+--------+--------+-----+--------+
         Total |    536 |    516 |     20 |      0 |    420 |   2 |  268.0 |
       Dungeon |    536 |    516 |     20 |      0 |    420 |   2 |  268.0 |
               +--------+--------+--------+--------+--------+-----+--------+

Top non-repeatable levels by time:
     D:1: 399 daAuts
     D:2: 137 daAuts
